Map: Central Protocol

Players

Sahn - Winner!

  • Race: Zerg Zerg
  • League: Silver

lesha

  • Race: Terran Terran
  • League: Silver

VOD

Have the link to the VOD?

Description

Time

  • Played on: Dec. 11, 2015, 10:03 a.m.
  • Length: 12:31
Show
View Real Time Build Order
Export as new Build Order

Sahn Zerg - Winner!

Build Orders: Hatch First, Muta Ling Bane 

Get SALT Encoding   

  12  0:01  Drone  
  13  0:08  Drone  
  14  0:17  Overlord  
  14  0:30  Drone, Extractor  
  15  0:36  Drone x2  
  17  0:58  Hatchery  
  16  1:08  Spawning Pool  
  16  1:10  Drone  
  16  1:14  Drone  
  16  1:17  Drone  
  18  1:22  Extractor  
  17  1:39  Overlord  
  17  1:47  Drone x2  
  19  1:55  Queen  
  19  1:57  Zergling x2  
  22  2:08  Zergling x2  
  22  2:12  Queen  
  25  2:16  Drone x2  
  27  2:27  Drone x2  
  29  2:31  Queen  
  31  2:41  Drone x2  
  33  2:44  Metabolic Boost  
  33  2:48  Drone x2  
  35  2:54  Overlord  
  35  3:15  Drone x6  
  41  3:27  Spine Crawler  
  40  3:33  Drone x4  
  44  3:39  Overlord  
  44  3:40  Overlord  
  44  3:54  Hatchery  
  43  4:00  Extractor  
  43  4:02  Zergling x12, Extractor  
  47  4:03  Zergling x2  
  48  4:11  Evolution Chamber  
  48  4:12  Evolution Chamber  
  46  4:19  Lair  
  46  4:23  Drone x3  
  49  4:30  Overlord  
  49  4:31  Overlord  
  49  4:45  Zerg Ground Armor Level 1, Zerg Melee Weapons Level 1  
  49  4:50  Drone  
  49  4:51  Drone  
  49  4:52  Baneling Nest  
  50  4:53  Extractor  
  50  4:54  Drone x4  
  53  5:10  Drone x7  
  60  5:17  Pneumatized Carapace  
  60  5:19  Overseer  
  60  5:27  Drone x3  
  63  5:28  Drone x2  
  63  5:29  Drone  
  66  5:42  Centrifical Hooks  
  66  5:43  Overlord x2  
  66  5:45  Zergling x10  
  71  6:00  Drone x6  
  71  6:03  Extractor  
  76  6:05  Extractor  
  75  6:12  Drone x2  
  75  6:13  Spire  
  76  6:21  Drone x3  
  76  6:22  Drone x3  
  82  6:29  Hatchery  
  81  6:34  Drone x2  
  81  6:36  Overlord  
  81  6:38  Overlord  
  83  6:43  Zerg Melee Weapons Level 2  
  83  6:49  Overlord  
  83  6:50  Overlord  
  83  6:56  Zerg Ground Armor Level 2  
  83  7:00  Zergling x2  
  84  7:11  Burrow  
  84  7:14  Overlord x2  
  84  7:28  Mutalisk x3  
  90  7:35  Mutalisk  
  92  7:48  Spore Crawler  
  91  7:57  Mutalisk x3  
  96  8:05  Zerg Flyer Weapons Level 1  
  96  8:15  Baneling x2  
  96  8:16  Baneling x7  
  96  8:24  Mutalisk  
  98  8:32  Zergling x44  
  98  8:33  Zergling x16  
  127  8:44  Zergling x4  
  127  8:45  Zergling x8  
  133  8:53  Baneling x16  
  133  8:55  Zergling x16  
  141  9:09  Mutalisk x2  
  145  9:40  Mutalisk x3  
  145  9:42  Overlord  
  145  9:43  Overlord x5  
  145  9:44  Overlord x2  
  151  9:59  Infestation Pit  
  149  10:04  Zergling x2  
  149  10:05  Zergling x34  
  113  10:24  Zergling x28  
  110  10:32  Baneling  
  110  10:33  Baneling x7  
  110  10:35  Zergling x8  
  109  10:48  Mutalisk x6  
  104  11:19  Mutalisk x4  
  104  11:20  Mutalisk x2  
  104  11:25  Zergling x22  
  99  11:33  Zergling x2  
  99  11:34  Zergling x4  
  99  11:37  Queen  
  104  11:52  Mutalisk x3  
  106  11:55  Zergling x4  
  106  11:56  Zergling x14  
  114  12:05  Mutalisk  
  114  12:06  Mutalisk  
Show
View Real Time Build Order
Export as new Build Order

lesha Terran 

Build Orders: MMM Bio 

Get SALT Encoding   

  12  0:01  SCV  
  13  0:13  SCV  
  14  0:19  Supply Depot  
  14  0:25  SCV  
  15  0:41  SCV  
  15  0:42  Barracks  
  16  0:53  SCV  
  17  1:00  Refinery  
  17  1:05  SCV  
  18  1:17  SCV  
  19  1:32  Command Center  
  19  1:34  Orbital Command  
  19  1:38  Marine  
  20  1:46  Refinery  
  20  1:56  Marine  
  21  2:02  SCV  
  22  2:14  SCV  
  23  2:19  Factory  
  23  2:35  Supply Depot  
  23  2:40  SCV  
  23  2:43  Marine  
  24  2:47  Bunker  
  24  2:48  Orbital Command  
  24  2:52  SCV  
  25  3:03  Factory Tech Lab  
  25  3:04  Barracks Reactor, SCV  
  26  3:17  SCV  
  26  3:18  SCV  
  28  3:25  Siege Tank  
  31  3:29  SCV  
  31  3:30  SCV  
  33  3:41  SCV, Starport  
  34  3:42  SCV, Barracks  
  34  3:48  Supply Depot  
  35  3:53  SCV  
  35  3:54  SCV  
  37  3:59  Refinery  
  37  4:05  SCV  
  37  4:06  SCV, Marine  
  37  4:07  Marine  
  41  4:12  Siege Tank  
  44  4:18  SCV x2  
  46  4:24  Supply Depot x2  
  46  4:26  Marine x2  
  46  4:28  Starport Reactor  
  46  4:30  SCV x2  
  50  4:33  Barracks Tech Lab  
  50  4:40  Barracks  
  50  4:46  SCV  
  50  4:47  SCV  
  50  4:49  Engineering Bay  
  50  4:51  Engineering Bay  
  52  4:57  Stimpack  
  52  4:59  SCV x2, Marine, Marauder  
  56  5:00  Marine  
  56  5:06  Refinery  
  58  5:11  SCV x2  
  60  5:17  Marine  
  60  5:18  Medivac  
  60  5:19  Medivac  
  65  5:26  Marine  
  65  5:28  Marauder  
  68  5:29  Barracks Reactor  
  68  5:32  Terran Infantry Weapons Level 1, Terran Infantry Armor Level 1  
  68  5:47  Command Center, Barracks  
  68  5:49  Marauder  
  70  5:59  Supply Depot  
  70  6:02  Supply Depot x2  
  70  6:20  Marine x2  
  70  6:21  SCV, Medivac x2, Marine  
  70  6:23  Marine  
  70  6:24  SCV, Marauder  
  82  6:25  Supply Depot  
  82  6:26  Supply Depot  
  82  6:28  Supply Depot  
  82  6:38  Marine x2  
  82  6:39  Barracks Reactor  
  84  6:45  Marauder  
  84  6:46  Marine x2  
  88  6:52  Armory  
  88  6:57  Combat Shields  
  88  7:13  Marine  
  88  7:14  Marine x3  
  93  7:16  Marauder  
  93  7:17  Marine x2  
  93  7:19  Medivac x2  
  93  7:21  Orbital Command  
  100  7:33  Marine x4  
  100  7:35  Marine x2  
  106  7:38  Marauder  
  108  7:51  Marine  
  107  7:59  Marauder  
  107  8:00  Marine x3  
  107  8:01  Marine x2  
  107  8:03  Medivac x2  
  107  8:04  Terran Infantry Weapons Level 2  
  107  8:05  Terran Infantry Armor Level 2  
  110  8:09  Marine  
  111  8:18  Marine  
  112  8:42  Marine x5  
  112  8:43  Marine  
  112  8:45  Marauder  
  112  8:47  Medivac x2  
  124  9:00  Marine x5  
  129  9:06  Marauder  
  129  9:22  Marine x4  
  133  9:30  Supply Depot  
  133  9:31  Supply Depot x2  
  133  9:32  Supply Depot  
  133  9:51  Medivac x2, Marine x4  
  133  9:52  Marine x3  
  144  10:03  Widow Mine  
  146  10:09  Marine x4  
  146  10:13  Marine x2  
  150  10:15  Marine  
  134  10:21  Medivac x2  
  134  10:27  Marine x4  
  103  10:31  Marine x2  
  103  10:33  Marine  
  104  10:44  Marine x3  
  104  10:45  Marauder  
  104  10:48  Barracks  
  104  10:49  Marine x2  
  111  10:50  Barracks  
  111  10:51  Medivac x2  
  111  10:52  Barracks  
  113  11:06  Marauder  
  113  11:11  Marine x6  
  112  11:27  Marine  
  112  11:29  Marine x6  
  96  11:45  Marine  
  96  11:46  Marine  
  96  11:47  Marine x2  
  96  11:49  Marine  
  96  11:50  Marine x2  
  85  12:03  Marine  
  85  12:04  Marine x3  
Tags
 
Add a new tag
Caveats
  • Supply blocks, unpowered buildings, or Contaminate may cause inaccurate times.
  • Supply counts are checked every 10 seconds.